[Event "*** SCC Grand Prix: Titled Tuesday Blitz"]
[Site "Chess.com"]
[Date "2020.10.13"]
[Round "2"]
[White "alejanchess73"]
[Black "parnali1611"]
[Result "1-0"]
[WhiteElo "2406"]
[BlackElo "2154"]
[TimeControl "180+1"]
[EndTime "10:17:48 PDT"]
[Termination "alejanchess73 won by resignation"]

1. d4 d5 2. c4 Nf6 3. Nc3 e6 4. cxd5 exd5 5. Bg5 Be7 6. e3 c6 7. Bd3 Nbd7 8. Qc2 Nh5 9. Bxe7 Qxe7 10. Nge2 Nb6 11.
O-O-O Nf6 12. h3 Be6 13. Kb1 O-O-O 14. Rc1 Kb8 15. Na4 Nxa4 16. Qxa4 Nd7 17. Rc3 Nb6 18. Qa5 g5 19. Rhc1 h5 20. Ra3 Nc8 21. Rb3 h4 22.
Rxc6 g4 23. hxg4 h3 24. gxh3 Rxh3 25. Rc1 Bxg4 26. Nc3 Be6 27. Nb5 b6 28. Qa4 Nd6 29. Nxd6 Qxd6 30. Rbc3 Rdh8 31. Ba6 Bf5+ 32. Ka1 Rh1 33.
a3 Bd7 34. Qc2 Rxc1+ 35. Qxc1 b5 36. Qg1 Qxa6 37. Qg3+ Ka8 38. Qg7 Rc8 39. Rb3 b4 40.
Qxf7 Rc1+ 41. Ka2 Qc4 42. Qxd7 Ra1+ 43. Kxa1 Qxb3 44. Qc6+ Kb8 45. Qb5+ Kc8 46. Qxb4 Qd1+ 47. Ka2 1-0

[Event "*** SCC Grand Prix: Titled Tuesday Blitz"]
[Site "Chess.com"]
[Date "2020.10.13"]
[Round "2"]
[White "LedakovAlexandr"]
[Black "anon569"]
[Result "1-0"]
[WhiteElo "2469"]
[BlackElo "2250"]
[TimeControl "180+1"]
[EndTime "10:17:49 PDT"]
[Termination "LedakovAlexandr won on time"]

1. d4 Nf6 2. Nf3 e6 3. Bg5 b6 4.
Nbd2 Bb7 5. e4 Be7 6. Bxf6 Bxf6 7. Bd3 d6 8. Qe2 Nd7 9. Ba6 Qc8 10. Bxb7 Qxb7 11.
O-O-O O-O-O 12. c3 Kb8 13. Nc4 Be7 14. d5 exd5 15.
exd5 Rhe8 16. Qc2 g6 17. Kb1 Bf6 18. g4 Re7 19. g5 Bg7 20. Ne3 Rde8 21. Nd4 Bxd4 22.
Rxd4 Nc5 23. Rhd1 Qc8 24. h4 Ne4 25. Ng2 Qh3 26. Nf4 Qf3 27. Nd3 f6 28. Nb4 Kb7 29. Qa4 Nc5 30. Qc6+ Kb8 31. a4 Qf5+ 32. Ka2 fxg5 33. hxg5 Qd7 34. a5 Rf7 35. Rc4 Qxc6 36. Nxc6+ Kb7 37. f4 1-0

[Event "*** SCC Grand Prix: Titled Tuesday Blitz"]
[Site "Chess.com"]
[Date "2020.10.13"]
[Round "2"]
[White "MariaFominykh"]
[Black "K-Nygren"]
[Result "1-0"]
[WhiteElo "2308"]
[BlackElo "2472"]
[TimeControl "180+1"]
[EndTime "10:17:51 PDT"]
[Termination "MariaFominykh won by resignation"]

1. d4 Nf6 2. Nf3 g6 3. c4 Bg7 4. Nc3 d5 5. cxd5 Nxd5 6. Bd2 O-O 7. e4 Nxc3 8. Bxc3 b6 9. Be2 Bb7 10. d5 Bxc3+ 11. bxc3 c6 12. c4 Nd7 13. O-O Nc5 14. Qd4 Qc7 15. Rfe1 Qf4 16. Bf1 Rad8 17. Rad1 Rfe8 18. Ne5 Qf6 19. f3 h5 20. Qa1 Kg7 21.
Be2 h4 22. Rd2 Kg8 23. Red1 h3 24. g3 cxd5 25. cxd5 Qg7 26. Bb5 Rf8 27. Ng4 Qxa1 28. Rxa1 f5 29. Nf2 fxe4 30. fxe4 Rf3 31. Re1 Kg7 32. Nxh3 Rdf8 33. Nf4 g5 34. Be2 Ra3 35. Nh5+ Kh6 36. Bg4 Bc8 37. Bxc8 Kxh5 38. Bh3 Rff3 39. Bg2 Rfd3 40. Red1 Rxd2 41. Rxd2 Kg6 42. e5 Rd3 43.
Rxd3 Nxd3 44. Be4+ 1-0

[Event "*** SCC Grand Prix: Titled Tuesday Blitz"]
[Site "Chess.com"]
[Date "2020.10.13"]
[Round "2"]
[White "tigra"]
[Black "GianmarcoVaR"]
[Result "0-1"]
[WhiteElo "2831"]
[BlackElo "2580"]
[TimeControl "180+1"]
[EndTime "10:17:52 PDT"]
[Termination "GianmarcoVaR won on time"]

1. e4 c6 2. d4 d5 3. Nc3 dxe4 4.
Nxe4 Bf5 5. Ng3 Bg6 6. N3e2 Nd7 7. Nf4 e5 8. Nxg6 hxg6 9. Nf3 Bd6 10. g3 Ngf6 11. Bg2 Qc7 12. O-O O-O-O 13. c3 Kb8 14. a4 exd4 15. cxd4 Nd5 16. a5 a6 17. Nd2 N7f6 18. Nc4 Ka7 19. Bd2 Rde8 20. Qb3 Ne4 21. Rfd1 Nxf2 22. Kxf2 Rxh2 23. Qb6+ Nxb6 24. axb6+ Qxb6 25. Nxb6 Kxb6 26. Rh1 Rxg2+ 27. Kxg2 Re2+ 28. Kf3 Rxd2 29. Rhd1 Rxb2 30. Rab1 Rb5 31. d5 cxd5 32. Rxb5+ Kxb5 33. Rxd5+ Kc6 34. Rd1 b5 35. g4 b4 36.
Ke4 f5+ 37. gxf5 gxf5+ 38. Kxf5 a5 39. Ke4 a4 40. Kd4 Kb5 41. Rf1 a3 42. Kd3 a2 43.
Kc2 Be5 44. Rd1 a1=Q 45. Rd5+ Kc4 46. Rc5+ Kxc5 47. Kb3 Qd1+ 0-1

[Event "*** SCC Grand Prix: Titled Tuesday Blitz"]
[Site "Chess.com"]
[Date "2020.10.13"]
[Round "2"]
[White "Natalya_Buksa"]
[Black "VitaliyBernadskiy"]
[Result "0-1"]
[WhiteElo "2508"]
[BlackElo "2742"]
[TimeControl "180+1"]
[EndTime "10:17:52 PDT"]
[Termination "VitaliyBernadskiy won by resignation"]

1. d4 g6 2. Nc3 d6 3. e4 a6 4.
f4 b5 5. Nf3 Nd7 6. Bd3 c5 7. Be3 Bg7 8. e5 cxd4 9. Bxd4 Bb7 10. Be4 Bxe4 11. Nxe4 dxe5 12. Nxe5 Nxe5 13. Bxe5 Bxe5 14.
fxe5 Qb6 15. Qe2 Rd8 16. Rf1 Nh6 17. Nd6+ exd6 18. exd6+ Kf8 19. Qe7+ Kg7 20. Qf6+ Kg8 21. O-O-O Rd7 22. g4 Nxg4 23. Qh4 h5 24. Rfe1 Kg7 25.
Qg3 Rhd8 26. h3 Nf6 27. Kb1 Rxd6 28. Rxd6 Qxd6 29. Qf3 Re8 30. Rf1 Qe5 31. a3 Re7 32.
Qc6 Ne4 33. Ka2 Qe6+ 34. Qxe6 Rxe6 35. Rf3 g5 36. a4 bxa4 37. c4 Nf6 38. Ka3 g4 39.
hxg4 hxg4 40. Rc3 Ne4 41. Rd3 g3 42. Rd1 Rg6 43. Rg1 g2 44. Kxa4 Nd2 45. c5 Nf3 0-1

[Event "*** SCC Grand Prix: Titled Tuesday Blitz"]
[Site "Chess.com"]
[Date "2020.10.13"]
[Round "2"]
[White "salomez"]
[Black "Orest_Vovk"]
[Result "0-1"]
[WhiteElo "2164"]
[BlackElo "2407"]
[TimeControl "180+1"]
[EndTime "10:17:52 PDT"]
[Termination "Orest_Vovk won on time"]

1. e4 Nc6 2. d4 e5 3. d5 Nce7 4. f4 Ng6 5. fxe5 Qh4+ 6. Kd2 Qxe4 7. Nc3 Bb4 8. Nf3 Nxe5 9. Bd3 Nxf3+ 10. Qxf3 Qxf3 11.
gxf3 Ne7 12. Re1 O-O 13. Bc4 Nf5 14. a3 Bxc3+ 15. Kxc3 d6 16. Bd3 Bd7 17. Bxf5 Bxf5 18. Bf4 Rfe8 19. Bg3 f6 20. Rxe8+ Rxe8 21. Re1 Rxe1 22.
Bxe1 g5 23. Kd2 Kf7 24. c4 b6 25. Kc3 a5 26. Kd4 Bb1 27. b4 a4 28. c5 b5 29. cxd6 cxd6 30. Bg3 Ke7 31. h4 h5 32. f4 g4 33. Bf2 Kf7 34. Bg3 Bf5 35. Bh2 Kg6 36. Bg3 Bd7 37. Ke3 Kf5 38. Bh2 Be8 39.
Kd4 Bf7 40. Bg3 Bg8 41. Bh2 g3 42. Bxg3 Kg4 43. Be1 f5 44. Bf2 Kf3 45. Be1 Ke2 46.
Bg3 Kd2 0-1

[Event "*** SCC Grand Prix: Titled Tuesday Blitz"]
[Site "Chess.com"]
[Date "2020.10.13"]
[Round "2"]
[White "jacky72"]
[Black "Durarbayli"]
[Result "1-0"]
[WhiteElo "2558"]
[BlackElo "2789"]
[TimeControl "180+1"]
[EndTime "10:17:54 PDT"]
[Termination "jacky72 won on time"]

1. d4 Nf6 2. c4 e6 3. Nf3 c5 4. d5 exd5 5. cxd5 d6 6. Nc3 g6 7.
Nd2 Bg7 8. e4 O-O 9. Be2 Nbd7 10. O-O Ne8 11. h3 a6 12. a4 Rb8 13. Qc2 Nc7 14. Nc4 Qf6 15. a5 b5 16. axb6 Nxb6 17.
Na5 Bd7 18. Nc6 Bxc6 19. dxc6 Qe6 20. Rd1 Bd4 21. Bg4 Qf6 22. Rf1 Rfe8 23. Ne2 h5 24.
Bf3 Be5 25. Rd1 Ne6 26. Rxa6 Rec8 27. Qb3 c4 28. Qb5 Nc7 29. Qa5 Nxa6 30. Qxa6 Rxc6 31. Qa7 Qd8 32. Qa5 Nd7 33. Qd5 Rc5 34. Qd2 Rcb5 35. Nd4 R5b6 36. Qc2 Rc8 37. Ne2 Qf6 38. Nc3 Bxc3 39.
bxc3 Ne5 40. Be2 Rcb8 41. Ba3 Nd3 42. Bxd3 cxd3 43. Qxd3 Rb3 44. Bxd6 Rxc3 45. Qd2 Rbc8 46. e5 Qf5 47. Re1 Rc2 48. Qe3 R8c3 49. Qd4 Rc1 50. Rxc1 Rxc1+ 51. Kh2 Kh7 52. Bf8 Rc7 53. Qd6 1-0

[Event "*** SCC Grand Prix: Titled Tuesday Blitz"]
[Site "Chess.com"]
[Date "2020.10.13"]
[Round "2"]
[White "Matveev_Vladimir"]
[Black "semchik73"]
[Result "0-1"]
[WhiteElo "2676"]
[BlackElo "2350"]
[TimeControl "180+1"]
[EndTime "10:17:54 PDT"]
[Termination "semchik73 won by resignation"]

1. d4 d5 2. c4 c6 3. Nf3 Nf6 4. Qc2 g6 5. Bf4 Bg7 6. e3 Bf5 7. Qb3 b6 8. Nc3 O-O 9. h3 dxc4 10. Bxc4 h5 11. Ne5 e6 12. O-O Ne4 13. f3 Nd2 14. Qa3 Bxe5 15. dxe5 Nxc4 16. Qb4 b5 17. e4 Qb6+ 18.
Kh1 a5 19. Qe7 Ra7 20. Qh4 Ne3 21. Qf2 Nd5 22. Qxb6 Nxb6 23. exf5 exf5 24. Rad1 Rd7 25. Bg5 Re8 26. f4 Rxd1 27. Rxd1 N8d7 28. Rd6 Rc8 29. b3 Nc5 30. g3 Ne6 31. Bf6 Rc7 32. Kg2 Nc8 33. Rd2 Ne7 34. Rd6 Nc8 35. Rd2 Nb6 36. Kf2 Nd7 37. Bh4 Ndc5 38. Rd6 b4 39. Bd8 Rc8 40.
Bxa5 bxc3 41. Rd1 Ne4+ 42. Kf3 c5 43. g4 Nd4+ 44. Kg2 c2 45. Rc1 Ra8 46. Be1 Rxa2 47. gxf5 Nxb3 48. Kf1 Nxc1 0-1

[Event "*** SCC Grand Prix: Titled Tuesday Blitz"]
[Site "Chess.com"]
[Date "2020.10.13"]
[Round "2"]
[White "AliKa2810"]
[Black "wonderfultime"]
[Result "0-1"]
[WhiteElo "2589"]
[BlackElo "2923"]
[TimeControl "180+1"]
[EndTime "10:17:55 PDT"]
[Termination "wonderfultime won by resignation"]

1. d4 d5 2. c4 c6 3. Nf3 Nf6 4. e3 Bf5 5. Nc3 e6 6. Nh4 Be4 7. f3 Bg6 8. Qb3 Qc7 9. Bd2 Be7 10. O-O-O dxc4 11. Qxc4 a6 12. Nxg6 hxg6 13. e4 b5 14. Qd3 c5 15. dxc5 Nbd7 16. Kb1 Nxc5 17. Qc2 Rc8 18.
Be3 O-O 19. h4 Na4 20. Rd3 Nd7 21. Qd2 Ne5 22. Nxa4 Nxd3 23. Nb6 Bb4 24. Qxd3 Rfd8 25. Qb3 Rb8 26. Bxb5 Bc5 27. Rc1 Qxb6 28. Bxc5 Qxb5 29. Qxb5 Rxb5 30. a4 Rbb8 31. b4 e5 32. Kc2 f6 33.
Kc3 Kf7 34. Rc2 Ke6 35. Kc4 Rd1 36. b5 axb5+ 37. axb5 Rb1 38. b6 Rc8 39. Rc3 Rxb6 40. Kd3 Rbc6 41. Bb4 Rxc3+ 42. Bxc3 Rh8 43. g3 Rd8+ 44.
Ke2 Kd6 45. f4 exf4 46. gxf4 Ke6 47. Ke3 Rh8 48. Be1 Ra8 49. Bg3 Ra3+ 50. Kf2 f5 51. exf5+ gxf5 52. Kg2 Kf7 53. Kh3 Kg6 54. Kg2 Kh5 55.
Bf2 Kg4 0-1

[Event "*** SCC Grand Prix: Titled Tuesday Blitz"]
[Site "Chess.com"]
[Date "2020.10.13"]
[Round "2"]
[White "Titus369"]
[Black "seorobert1971"]
[Result "0-1"]
[WhiteElo "2498"]
[BlackElo "2723"]
[TimeControl "180+1"]
[EndTime "10:17:56 PDT"]
[Termination "seorobert1971 won on time"]

1. e4 c6 2. d4 d5 3. Nd2 dxe4 4.
Nxe4 Nf6 5. Nxf6+ exf6 6. c3 Bd6 7. Bd3 Nd7 8. Ne2 Nf8 9. Qc2 Ng6 10. Be3 O-O 11. O-O-O Re8 12. h4 Bg4 13. h5 Nf8 14. Rde1 Qc7 15. Qd2 Rad8 16. f3 Bc8 17. g4 c5 18. d5 c4 19. Be4 Bd7 20. Reg1 Bc8 21. Nd4 a6 22. Rg2 Nd7 23. Nf5 Nc5 24. Nxd6 Qxd6 25.
Bf4 Qd7 26. Bf5 Qxd5 27. Qxd5 Rxd5 28. Bxc8 Nd3+ 29. Kc2 Rxc8 30. Bd2 Re8 31. Rhh2 Kf8 32. Re2 Rde5 33. Rxe5 Nxe5 34. Rf2 Ke7 35. b3 cxb3+ 36. axb3 h6 37. Re2 Kd7 38. Rf2 Re6 39. Bf4 Rd6 40.
Re2 Rd5 41. c4 Ra5 42. Re3 Ra2+ 43. Kb1 Rf2 44. Bxe5 fxe5 45. b4 f6 46. Rd3+ Ke6 47.
b5 axb5 48. cxb5 b6 49. Rc3 Kd5 50. Kc1 Kd4 51. Rc6 Rxf3 52. Rxb6 Rg3 53. Rb8 Kc5 0-1

[Event "*** SCC Grand Prix: Titled Tuesday Blitz"]
[Site "Chess.com"]
[Date "2020.10.13"]
[Round "2"]
[White "ajedrezhoy"]
[Black "Alindsay211"]
[Result "1-0"]
[WhiteElo "2233"]
[BlackElo "2418"]
[TimeControl "180+1"]
[EndTime "10:17:56 PDT"]
[Termination "ajedrezhoy won on time"]

1. e4 c5 2. Nf3 d6 3. c3 Nf6 4. Be2 Nc6 5. d4 cxd4 6. cxd4 Nxe4 7. d5 Qa5+ 8. Nc3 Nxc3 9. bxc3 Ne5 10. Nxe5 dxe5 11. O-O e6 12. Bf3 Bc5 13. dxe6 Bxe6 14. Bxb7 Rd8 15. Bc6+ Ke7 16. Qh5 Rc8 17. Qg5+ Kf8 18.
Bb7 Rd8 19. Rb1 f6 20. Qh4 Qxc3 21. Bh6 Be7 22. Be3 Bxa2 23. Rbc1 Qb4 24. Qxb4 Bxb4 25. Ra1 Be6 26. Rxa7 Kf7 27. Bd5+ Be7 28. Bc5 Rhe8 29.
Bc6 Kf8 30. Bxe8 Rxe8 31. Bxe7+ Rxe7 32. Rxe7 Kxe7 33. Ra1 Kf7 34. f3 Kg6 35. Kf2 h5 36. Ra7 Bf5 37. h4 Be6 38. Ke3 Bd5 39. Rc7 Be6 40. Ra7 Bd5 41. Ra5 Be6 42. g3 Bf5 43.
Rc5 Be6 44. Ra5 Bf5 45. Ra4 Be6 46. Rb4 Bf5 47. g4 1-0

[Event "*** SCC Grand Prix: Titled Tuesday Blitz"]
[Site "Chess.com"]
[Date "2020.10.13"]
[Round "2"]
[White "Aguiar94"]
[Black "Azerichess"]
[Result "0-1"]
[WhiteElo "2594"]
[BlackElo "2948"]
[TimeControl "180+1"]
[EndTime "10:17:57 PDT"]
[Termination "Azerichess won on time"]

1. e4 c6 2. d4 d5 3. e5 Bf5 4. Nf3 e6 5. Be2 Ne7 6. O-O c5 7. dxc5 Nec6 8. a3 Bxc5 9. b4 Bb6 10. Bb2 O-O 11. Nbd2 Nd7 12. Re1 Rc8 13. c4 Re8 14.
Bf1 h6 15. h3 a6 16. Qb3 Ba7 17. Rad1 Qb6 18. Re3 Red8 19. c5 Qc7 20. Rde1 Rb8 21. Qa4 b6 22. cxb6 Qxb6 23. Bxa6 Ra8 24. Bf1 Rdc8 25. Qd1 Bh7 26. Nb3 Ne7 27. Bd4 Qb8 28. Bxa7 Qxa7 29. Na5 Nc6 30. Nxc6 Rxc6 31. Bb5 Rc7 32.
Qd4 Nb6 33. Ra1 Be4 34. Nd2 Bg6 35. a4 Nc8 36. Nf3 Qb8 37. Rae1 Na7 38. Bf1 Nc6 39.
Qh4 Qxb4 40. Qg3 d4 41. R3e2 d3 42. Re3 Nd4 43. Nxd4 Qxd4 44. Rd1 d2 45. Qf3 Rd8 46. Bb5 Rc1 0-1

[Event "*** SCC Grand Prix: Titled Tuesday Blitz"]
[Site "Chess.com"]
[Date "2020.10.13"]
[Round "2"]
[White "ExtremeLearner"]
[Black "deribas12345"]
[Result "0-1"]
[WhiteElo "2411"]
[BlackElo "2694"]
[TimeControl "180+1"]
[EndTime "10:17:57 PDT"]
[Termination "deribas12345 won by checkmate"]

1. d4 Nf6 2. Nf3 c5 3. d5 b5 4.
a4 b4 5. Nbd2 d6 6. Nc4 g6 7.
Bg5 Bg7 8. Bxf6 exf6 9. e3 f5 10. Be2 O-O 11. O-O Qe7 12. Re1 Nd7 13. Bf1 Ba6 14. Rb1 Bxc4 15. Bxc4 Nb6 16. Bb5 Rab8 17.
Bc6 h6 18. Nd2 a5 19. Qe2 Qh4 20. g3 Qh3 21. Nc4 Nxc4 22. Qxc4 g5 23. Qf1 Qh5 24. Qe2 Qg6 25. Qf3 Rfd8 26. Qg2 Rbc8 27. Kh1 Rc7 28. Bb5 c4 29. Bc6 Re7 30. Qf1 c3 31. bxc3 Bxc3 32. Red1 Qh5 33. Qg2 Kh8 34. Rd3 Qe2 35. Qh3 Kg7 36.
Qxf5 Re5 37. Qh3 Qxc2 38. Rdd1 b3 39. Qg2 b2 40. f4 Qxg2+ 41. Kxg2 Rxe3 42. fxg5 hxg5 43.
Rf1 Re2+ 44. Kf3 Rxh2 45. Kg4 Re2 46. Kxg5 Re4 47. g4 Rh8 48. Rf5 Bd2+ 49. Rf4 Re5# 0-1

[Event "*** SCC Grand Prix: Titled Tuesday Blitz"]
[Site "Chess.com"]
[Date "2020.10.13"]
[Round "2"]
[White "wanyaland"]
[Black "SARGISMV"]
[Result "0-1"]
[WhiteElo "2279"]
[BlackElo "2497"]
[TimeControl "180+1"]
[EndTime "10:17:57 PDT"]
[Termination "SARGISMV won on time"]

1. d4 c5 2. d5 e6 3. c4 exd5 4. cxd5 d6 5. Nc3 a6 6. g3 Ne7 7.
a4 Ng6 8. Bg2 Be7 9. Nf3 O-O 10.
O-O Re8 11. e4 Bg4 12. h3 Bxf3 13. Bxf3 Nd7 14. Bg2 Bf6 15. Qb3 Rb8 16. Kh2 Qc7 17. f4 c4 18. Qc2 b5 19. axb5 axb5 20. Be3 Nc5 21. Rfd1 b4 22. Na4 Nb3 23. e5 Nxa1 24.
Qf5 dxe5 25. d6 Qa5 26. Rxa1 Red8 27. h4 Rxd6 28. h5 Ne7 29. Qe4 exf4 30. Bxf4 Re6 31. Qxc4 Rc8 32. Qd3 Qxh5+ 33. Bh3 Rec6 34. Rg1 Rc2+ 35.
Rg2 Rxg2+ 36. Kxg2 Rf8 37. Nb6 Ng6 38. Be3 Qe5 39.
Nd7 Qxb2+ 40. Kf3 Rd8 41. Qe4 Rxd7 42. Bxd7 Nf8 43. Bf5 g6 44. Bh3 b3 0-1

[Event "*** SCC Grand Prix: Titled Tuesday Blitz"]
[Site "Chess.com"]
[Date "2020.10.13"]
[Round "2"]
[White "northridgehawk"]
[Black "MPGM"]
[Result "0-1"]
[WhiteElo "2217"]
[BlackElo "2441"]
[TimeControl "180+1"]
[EndTime "10:17:57 PDT"]
[Termination "MPGM won by resignation"]

1. e4 e5 2. Bc4 Nf6 3. Nc3 Nc6 4. d3 Na5 5. Qf3 Be7 6. Nge2 O-O 7. h3 c6 8. g4 b5 9. Bb3 Nxb3 10. axb3 d6 11. Ng3 Re8 12. g5 Nd7 13. h4 Nf8 14. Rg1 Ne6 15. Nf5 Bf8 16. Be3 a5 17. h5 g6 18. hxg6 fxg6 19. Nh6+ Bxh6 20. gxh6 Rf8 21. Qg3 Qf6 22. Ne2 Bd7 23. O-O-O a4 24. bxa4 Rxa4 25. Nc3 Ra6 26. Nb1 d5 27. exd5 cxd5 28. Bd2 Nd4 29. Rge1 Rc8 30. Bc3 Rac6 31. Qxe5 Qxe5 32. Rxe5 b4 33.
Rxd5 bxc3 34. Nxc3 Rxc3 35. bxc3 Ne2+ 36. Kd2 Bg4 37. Re1 Nxc3 38. Rg5 Bf5 39. Re7 Nd5 40.
Rg7+ Kh8 41. c4 Nf6 42. Rg3 Nh5 43. Re7 Nxg3 44. fxg3 Rd8 45. Re3 Kg8 46. Kc3 Kf7 47. d4 g5 48. Re5 Kg6 49. d5 Bg4 50. Kd4 Kxh6 51. c5 Kg6 52. d6 h5 53. Kd5 h4 54.
gxh4 gxh4 55. c6 h3 56. c7 Rh8 57. Re4 Bf3 58. d7 Bxe4+ 59. Kxe4 h2 60. d8=Q h1=Q+ 61. Ke5 Qe1+ 62. Kd6 Qd2+ 63. Kc6 Rxd8 64. Kb6 Qd6+ 0-1

[Event "*** SCC Grand Prix: Titled Tuesday Blitz"]
[Site "Chess.com"]
[Date "2020.10.13"]
[Round "2"]
[White "MrChampion_Coach"]
[Black "Quiet_Desperation"]
[Result "1-0"]
[WhiteElo "2355"]
[BlackElo "1890"]
[TimeControl "180+1"]
[EndTime "10:17:57 PDT"]
[Termination "MrChampion_Coach won by resignation"]

1. d4 Nf6 2. c4 e6 3. f3 d5 4. Nc3 c5 5. cxd5 exd5 6. e3 Nc6 7. Bb5 cxd4 8. exd4 Bd6 9. Nge2 O-O 10. O-O Qc7 11.
g3 Bh3 12. Re1 Qb6 13. Bxc6 bxc6 14. Bf4 Bb4 15. Rc1 Rfe8 16. Kf2 Bf5 17. a3 Bf8 18. Qd2 Qb3 19. Nd1 Rac8 20. Rc3 Qb5 21. Ne3 Bd7 22.
Rec1 Re6 23. g4 Rce8 24. Ng3 g6 25. g5 Nh5 26. Nxh5 gxh5 27. R1c2 a5 28. Nf1 c5 29. dxc5 Bxc5+ 30. Rxc5 Re2+ 31. Qxe2 Rxe2+ 32. Kg3 Rxc2 33. Rxb5 Bxb5 34. Ne3 Rxb2 35. Nxd5 Rb3 36. Nf6+ Kf8 37. Bd6+ Kg7 38. Kh4 Rxf3 39. Kxh5 Rxf6 40. Be5 Bd3 41. gxf6+ Kf8 42. a4 Bc2 43. Bc7 Bxa4 44. Kh6 Bc2 45. Bxa5 Ke8 46. Kg7 Bg6 47. h4 h5 48. Bb4 Kd7 49.
Kf8 Ke6 50. Bc3 Kf5 51. Ke7 Kg4 52. Be1 Kf5 1-0

[Event "*** SCC Grand Prix: Titled Tuesday Blitz"]
[Site "Chess.com"]
[Date "2020.10.13"]
[Round "2"]
[White "Gloomy_Wanderer"]
[Black "Zq1"]
[Result "1-0"]
[WhiteElo "2758"]
[BlackElo "2514"]
[TimeControl "180+1"]
[EndTime "10:17:58 PDT"]
[Termination "Gloomy_Wanderer won on time"]

1. d4 d5 2. c4 e6 3. Nf3 Nf6 4.
g3 Be7 5. Bg2 O-O 6. O-O c6 7.
Qc2 b6 8. Nbd2 Bb7 9. e4 Na6 10.
a3 c5 11. cxd5 exd5 12. e5 Ne4 13. dxc5 Naxc5 14. b4 Ne6 15. Bb2 Rc8 16. Qd3 f5 17. exf6 Bxf6 18. Bxf6 Qxf6 19. Rac1 Rc3 20. Rxc3 Qxc3 21.
Qxc3 Nxc3 22. Re1 Rf6 23. Nb3 Ne4 24. Nbd4 Nxd4 25. Nxd4 Kf7 26. Rc1 Kg6 27. Rc7 Rf7 28. Rxf7 Kxf7 29. f3 Nc3 30. Bf1 Ke7 31. Bd3 g6 32.
Kf2 Kd6 33. Ke3 a6 34. Ne2 Nxe2 35. Bxe2 a5 36. Kd4 axb4 37. axb4 Bc6 38. f4 Bd7 39. Bf3 Be6 40. Be2 Bf7 41. Bd3 Be6 42. h4 Bg4 43.
Bc2 Be6 44. Bd1 Bf5 45. g4 Be4 46. Be2 Bg2 47. Bd3 Bf3 48. f5 Bxg4 49. fxg6 hxg6 50.
Bxg6 Bf3 51. Bf7 Kc6 52. h5 Kb5 53. h6 Be4 54. Bxd5 Bh7 55. Kc3 1-0

[Event "*** SCC Grand Prix: Titled Tuesday Blitz"]
[Site "Chess.com"]
[Date "2020.10.13"]
[Round "2"]
[White "PavelChernomordik"]
[Black "frederiksvane"]
[Result "0-1"]
[WhiteElo "2334"]
[BlackElo "2670"]
[TimeControl "180+1"]
[EndTime "10:17:58 PDT"]
[Termination "frederiksvane won on time"]

1. e4 c5 2. Nc3 Nc6 3. Bb5 Nd4 4. Bc4 e6 5. Nge2 a6 6. Nxd4 cxd4 7. Ne2 b5 8. Bb3 Bc5 9. d3 Ne7 10. O-O Nc6 11.
f4 d6 12. f5 e5 13. Bd5 Bb7 14. Ng3 f6 15. Qh5+ Kd7 16. Bd2 Qe7 17. Kh1 Nd8 18. Bb3 Rc8 19. Ne2 Kc7 20. c3 dxc3 21. bxc3 Kb8 22. a4 Bb6 23. Rfb1 Qd7 24. Qf3 g6 25. fxg6 hxg6 26. Qxf6 Nc6 27. Qf1 Rcf8 28. Qe1 Qg4 29. Ng1 Rf2 30. Qxf2 Bxf2 31. Nf3 Rh3 32. Bd1 Rh8 33. axb5 axb5 34. Rxb5 Kc7 35. c4 Qd7 36. Rab1 Ba6 37. Rb6 Bxb6 38. Ba4 Rb8 39. Ra1 Bc5 40. Bd1 Bb7 41. h3 Ra8 42. Rb1 Nd4 43. Nxd4 Bxd4 44.
Bg4 Qf7 0-1

[Event "*** SCC Grand Prix: Titled Tuesday Blitz"]
[Site "Chess.com"]
[Date "2020.10.13"]
[Round "2"]
[White "googlegoom"]
[Black "Khnykin_Nikolay"]
[Result "1-0"]
[WhiteElo "2381"]
[BlackElo "2039"]
[TimeControl "180+1"]
[EndTime "10:17:58 PDT"]
[Termination "googlegoom won on time"]

1. Nf3 e6 2. b3 d5 3. Bb2 Nf6 4. e3 Bc5 5. Be2 O-O 6. O-O Bd6 7. d4 c5 8. Nbd2 Nc6 9. c4 b6 10. Rc1 Bb7 11. Qc2 Nb4 12. Qb1 Rc8 13. Rfd1 Ne4 14. Nxe4 dxe4 15. Ne1 Qh4 16. g3 Qh6 17. a3 Na6 18.
dxc5 Bxc5 19. b4 Bxe3 20. fxe3 Qxe3+ 21. Kf1 f5 22. Bd4 Qh6 23. Kg1 f4 24. gxf4 Rxf4 25. Ng2 e3 26. Bxe3 Qg5 27. Bf1 Rxf1+ 28. Kxf1 Bxg2+ 29. Ke2 Qg4+ 30. Kd2 Rd8+ 31. Kc3 Rf8 32. Qd3 Qh5 33. Rg1 Bb7 34. Bd4 g6 35. Rcf1 Re8 36. Qe3 e5 37. Bxb6 axb6 38. Qxb6 Qh3+ 39. Kb2 Qxh2+ 40.
Qf2 Qxf2+ 41. Rxf2 e4 42. c5 e3 43. Re2 Bf3 44.
Ree1 e2 45. Kc3 Nc7 46. a4 Nd5+ 47. Kd4 Nf4 48. b5 1-0

[Event "*** SCC Grand Prix: Titled Tuesday Blitz"]
[Site "Chess.com"]
[Date "2020.10.13"]
[Round "2"]
[White "RobertoJBM"]
[Black "Fh2411"]
[Result "0-1"]
[WhiteElo "2710"]
[BlackElo "2520"]
[TimeControl "180+1"]
[EndTime "10:18:00 PDT"]
[Termination "Fh2411 won on time"]

1. d4 d5 2. c4 c6 3. Nf3 Nf6 4. Nc3 dxc4 5. a4 Bf5 6. Ne5 Na6 7. e3 Nb4 8. Bxc4 e6 9. O-O a5 10. Qe2 Bg6 11. Rd1 Nd7 12. Nxg6 hxg6 13. g3 Qg5 14. e4 Qh5 15. Qxh5 Rxh5 16. Bb3 Be7 17. Be3 e5 18. Ne2 exd4 19. Bxd4 Bf6 20. Nf4 Rh8 21. Bxf6 Nxf6 22. e5 Nh5 23. Ng2 f5 24. Rd6 Rh6 25. Rad1 g5 26. Rd7 Rb8 27. Rc7 Na6 28. Rcd7 Nc5 29.
Bf7+ Kf8 30. Rc7 Na6 31. Rcd7 Nc5 32. Bxh5 Nxd7 33. Rxd7 Rxh5 34. Ne3 g6 35. Nc4 Kg8 36. Nd6 Rh7 37. Rxh7 Kxh7 38. f4 gxf4 39. gxf4 Kg7 40.
Kf2 Kf8 41. Kg3 Ke7 42. Kh4 b5 43. axb5 cxb5 44. Kg5 a4 45. Kxg6 b4 46. Nc4 Rc8 47. Nb6 Rc6+ 48. Kxf5 Rxb6 0-1

[Event "*** SCC Grand Prix: Titled Tuesday Blitz"]
[Site "Chess.com"]
[Date "2020.10.13"]
[Round "2"]
[White "Azatic"]
[Black "bascheyaro"]
[Result "0-1"]
[WhiteElo "2493"]
[BlackElo "2717"]
[TimeControl "180+1"]
[EndTime "10:18:00 PDT"]
[Termination "bascheyaro won by resignation"]

1. e4 e6 2. d3 d5 3. Nd2 c5 4.
Ngf3 Nf6 5. g3 g6 6. Bg2 Bg7 7. O-O O-O 8. Re1 Nc6 9. c3 b6 10. e5 Nd7 11. d4 f6 12. exf6 Qxf6 13. Nb3 c4 14. Bg5 Qf7 15. Nbd2 h6 16. Bf4 g5 17. Bd6 Re8 18. Ne5 Ncxe5 19. dxe5 Nc5 20. Bxc5 bxc5 21. Nxc4 Rf8 22. Qc2 Qf5 23. Qd2 Rb8 24. Nd6 Qg6 25. Kh1 g4 26. Re2 h5 27. Rae1 Bh6 28. Qc2 Qxc2 29.
Rxc2 c4 30. Nxc8 Rbxc8 31. Kg1 Rf7 32. h3 Bf8 33. hxg4 hxg4 34. Ree2 Bc5 35. Bf1 Rf3 36. Kg2 a5 37. b3 cxb3 38. axb3 Rb8 39. b4 axb4 40.
cxb4 Bxb4 41. Rc6 Kf7 42. Rb2 Bd6 43. Rxb8 Bxb8 44. Be2 Rf5 45. Bxg4 Rxe5 46. f4 Re3 47. Rb6 Bc7 48. Rb7 Rc3 49. Bh5+ Kf6 50. Kh3 e5 51. fxe5+ Bxe5 52. Rb6+ Kg5 53. Be8 Rxg3+ 54. Kh2 Rb3+ 55. Kg2 Rxb6 56. Kf3 Rb3+ 0-1

[Event "*** SCC Grand Prix: Titled Tuesday Blitz"]
[Site "Chess.com"]
[Date "2020.10.13"]
[Round "2"]
[White "Gabrielian_Artur"]
[Black "kingofthenil"]
[Result "0-1"]
[WhiteElo "2782"]
[BlackElo "2446"]
[TimeControl "180+1"]
[EndTime "10:18:00 PDT"]
[Termination "kingofthenil won by resignation"]

1. e4 Nc6 2. Nc3 d5 3. exd5 Nb4 4. Bb5+ Bd7 5. a3 Nxd5 6. Bxd7+ Qxd7 7. Nf3 Nxc3 8.
bxc3 e6 9. O-O Bd6 10. Rb1 Nf6 11. Rxb7 O-O 12. Qe2 a5 13. Rb5 Rfb8 14. c4 c6 15. Rxb8+ Rxb8 16. d3 h6 17. Bd2 a4 18.
Bc3 Bxa3 19. Ra1 Be7 20. Ne5 Qb7 21. h3 a3 22. d4 a2 23. Kh2 Qb1 24. Nxc6 Bd6+ 25. g3 Rc8 26. Na5 Nd5 27. cxd5 Rxc3 28. dxe6 Qxa1 29. exf7+ Kxf7 30. Nb7 Be7 31. Qh5+ g6 32.
Qd5+ Kg7 33. Qe6 Qh1+ 34. Kxh1 a1=Q+ 35. Kh2 Qa3 36. Qe5+ Bf6 37. Qd5 Rxc2 38. Kg2 Qe7 39. Nd6 Rd2 40. Qc6 Rxd4 41. Ne8+ Kf7 42. Nxf6 Qxf6 43.
Qc7+ Ke8 44. Qb8+ Rd8 45. Qb5+ Kf7 46. Qc4+ Qe6 47. Qf4+ Kg7 48. Qc7+ Rd7 49. Qc3+ Qf6 50. Qc4 Rf7 51. Qe2 Re7 52. Qd3 Qe6 53. Qd4+ Kh7 54. Qd3 Qe4+ 55. Qxe4 Rxe4 0-1